 Dungeon Crawl Stone Soup version 0.31.0-11-ge490571c62 (webtiles) character file.

Game seed: 12370016167308281453

1171 bearlyready the Conjurer (level 8, 0/87 HPs)
             Began as a Gnoll Conjurer on Feb 8, 2024.
             Killed from afar by Maggie (8 damage)
             ... with a bolt of fire
             ... on level 6 of the Dungeon.
             The game lasted 00:06:41 (5177 turns).

bearlyready the Conjurer (Gnoll Conjurer)           Turns: 5177, Time: 00:06:42

Health: 0/87       AC: 24    Str:  7    XL:     8   Next: 41%
Magic:  0/17       EV:  2    Int: 18    God:
Gold:   278        SH:  0    Dex: 12    Spells: 18/19 levels left

rFire   . . .        h - +1 dagger (venom)
rCold   . . .        (no shield)
rNeg    . . .        G - melded +0 ring mail
rPois   +            (helmet currently unavailable)
rElec   .            (cloak currently unavailable)
rCorr   .            x - melded +0 pair of gloves
SInv    .            (boots currently unavailable)
Will    +....        g - amulet of guardian spirit
Stlth   +++          t - ring of willpower
HPRegen 0.34/turn    p - ring of flight
MPRegen 0.15/turn

%: guardian spirit
@: tree-form
A: stationary, stasis, torment immunity, boosted hp, (fangs 1), strong nose,
distributed training
a: no special abilities


You were on level 6 of the Dungeon.
You were a tree.
You visited 1 branch of the dungeon, and saw 6 of its levels.

You collected 308 gold pieces.
You spent 30 gold pieces at shops.

Inventory:

Hand Weapons
 d - a +0 dagger
 h - a +1 dagger of venom (weapon)
 v - a +3 quarterstaff
 A - a +2 short sword of venom
Missiles
 c - 56 stones
 s - 10 poisoned darts
Armour
 a - a +0 robe
 x - a +0 pair of gloves (melded)
 G - a +0 ring mail (melded)
Magical Staves
 e - a staff of alchemy
Jewellery
 g - an amulet of guardian spirit (around neck)
 l - an amulet of magic regeneration
 p - a ring of flight (right branch)
 q - an amulet of faith
 t - a ring of willpower (left branch)
 y - a +6 ring of intelligence
Talismans
 B - a beast talisman
Scrolls
 f - 3 scrolls of identify {unknown}
 j - a scroll of silence {unknown}
 m - a scroll of fog {unknown}
 o - a scroll of revelation {unknown}
 r - 3 scrolls of noise {unknown}
 C - 2 scrolls of enchant armour {unknown}
 E - a scroll of poison {unknown}
 F - 2 scrolls of teleportation {unknown}
 H - a scroll of fear {unknown}
Potions
 b - 2 potions of magic
 i - 2 potions of curing
 k - a potion of cancellation {unknown}
 n - a potion of lignification
 u - a potion of haste {unknown}
 z - a potion of might {unknown}
 D - a potion of resistance {unknown}
 I - a potion of invisibility {unknown}


   Skills:
 + Level 3.3 Fighting
 + Level 3.3 Short Blades
 + Level 3.3 Long Blades
 + Level 3.3 Axes
 + Level 3.3 Maces & Flails
 + Level 3.3 Polearms
 + Level 3.3 Staves
 + Level 3.3 Ranged Weapons
 + Level 3.3 Throwing
 + Level 3.3 Armour
 + Level 5.7 Dodging
 + Level 5.4 Stealth
 + Level 3.3 Shields
 + Level 3.3 Unarmed Combat
 + Level 6.1 Spellcasting
 + Level 7.7 Conjurations
 + Level 2.7 Hexes
 + Level 2.7 Summonings
 + Level 2.7 Necromancy
 + Level 2.7 Translocations
 + Level 2.7 Fire Magic
 + Level 2.7 Ice Magic
 + Level 2.7 Air Magic
 + Level 2.7 Earth Magic
 + Level 2.7 Alchemy
 + Level 3.7 Invocations
 + Level 3.3 Evocations
 + Level 3.0 Shapeshifting


You had 18 spell levels left.
You knew the following spells:

 Your Spells              Type           Power      Damage    Failure   Level
a - Magic Dart            Conj           100%       1d8       1%          1

Your spell library contained the following spells:

 Spells                   Type           Power      Damage    Failure   Level
 Searing Ray              Conj           66%        2d6       1%          2
 Sandblast                Erth           30%        2d9       3%          1
 Summon Small Mammal      Summ           60%        N/A       3%          1
 Stone Arrow              Conj/Erth      48%        3d10      4%          3
 Call Canine Familiar     Summ           15%        N/A       12%         3
 Gell's Gravitas          Tloc           15%        N/A       12%         3
 Passwall                 Erth           15%        N/A       12%         3
 Teleport Other           Tloc           15%        N/A       12%         3
 Brom's Barrelling Bould  Conj/Erth      24%        2d5       14%         4
 Fulminant Prism          Conj/Alch      12%        3d8       14%         4
 Iskenderun's Mystic Bla  Conj/Tloc      24%        2d7       14%         4
 Ignite Poison            Fire/Alch      15%        N/A       36%         4
 Sticky Flame             Fire/Alch      15%        2d5       36%         4
 Summon Blazeheart Golem  Fire/Summ      15%        N/A       36%         4
 Dispersal                Tloc           7%         N/A       99%         6
 Haunt                    Necr/Summ      7%         N/A       100%        7
 Borgnjor's Revivificati  Necr           7%         N/A       100%        8
 Ignition                 Fire           7%         3d5       100%        8
 Death's Door             Necr           7%         N/A       100%        9


Dungeon Overview and Level Annotations

Branches:
Dungeon (6/15)
 Temple: D:4-7

Altars:
Qazlal
Vehumet

Shops:
D:1 *   D:2 *

Annotations:
D:4 2 transporters, Consumeair16's ghost, amateur GnFi
D:6 Maggie


Innate Abilities, Weirdness & Mutations

You are a tree.
Your roots penetrate the ground, keeping you stationary.
You cannot be teleported.
You are immune to unholy pain and torment.
Your maximum health is greatly increased.
Your equipment is partially melded.
((You have very sharp teeth.))
Your uncanny sense of smell can sniff out nearby items.
Your experience applies equally to all skills.


Message History

You hit Maggie but do no damage.
Maggie looks as sick as possible!
Maggie is heavily wounded.
Maggie barely misses you. The grasping roots constrict you.
You hit Maggie but do no damage.
Maggie is heavily wounded.
Maggie hits you with a +0 glaive! The grasping roots constrict you!
* * * LOW HITPOINT WARNING * * *
Casting: Magic Dart (safe; 1% risk of failure)
Confirm with . or Enter, or press ? or * to list all spells.
Aiming: Magic Dart (safe; 1% risk of failure)
Press: ? - help, Shift-Dir - straight line, f - Maggie
Aim: Maggie, wielding a +0 glaive, wearing +0 acid dragon scales and carrying a wand of roots (heavily wounded, mesmerising, extremely poisoned, 100% to hit)
The magic dart hits Maggie.
Maggie is heavily wounded.
You break out of your daze.
Maggie gestures wildly while chanting.
Maggie attempts to bespell you! You resist. The grasping roots constrict you.
* * * LOW HITPOINT WARNING * * *
You feel much better. Maggie casts a spell at you. The bolt of fire hits you!
The grasping roots constrict you!
The grasping roots release their grip on you.
You hit Maggie but do no damage.
Maggie looks as sick as possible!
Maggie is severely wounded.
Maggie casts a spell at you. The bolt of fire hits you!!
* * * LOW HITPOINT WARNING * * *
You turn into a tree.
Your +0 pair of gloves melds into your body.
Your +0 ring mail melds into your body.
Your roots penetrate the ground.
Maggie casts a spell at you. The bolt of fire hits you.
* * * LOW HITPOINT WARNING * * *
You closely miss Maggie.
Maggie is severely wounded.
You hit Maggie but do no damage.
Maggie is severely wounded.
Maggie casts a spell at you. The bolt of fire hits you!
You die...

#######
####.....##
#.........#
..........##
#......<...#
#..........#
#....@....##
#.....♣....#
##.........#
##.......##
###.....#
### ###...#
###.# #.###
###...#
##..##
#.....#
###....#
......#
##....##...#


You could see Maggie (extremely poisoned).

Vanquished Creatures
  Grinder (D:4)
  3 sky beasts
  2 black bears (D:5)
  An ogre (D:4)
  A phantom (D:5)
  2 scorpions (D:5)
  A bombardier beetle (D:6)
  A hound (D:4)
  An orc priest (D:3)
  An iguana (D:5)
  An orc wizard (D:6)
  5 adders
  A white imp (D:5)
  3 ribbon worms
  2 dart slugs
  11 orcs
  5 endoplasms
  4 hobgoblins
  9 kobolds
  A ball python (D:1)
  5 bats
  2 frilled lizards (D:3)
  4 goblins
  6 rats
73 creatures vanquished.

Notes
Turn   | Place    | Note
-------+----------+-------------------------------------------
     0 | D:1      | bearlyready the Gnoll Conjurer began the quest for the Orb.
     0 | D:1      | Reached XP level 1. HP: 13/13 MP: 6/6
   291 | D:1      | Reached XP level 2. HP: 19/19 MP: 3/7
   679 | D:1      | Found Alomm's General Store.
   688 | D:1      | Bought a potion of curing for 30 gold pieces
  1048 | D:2      | Reached skill level 5 in Spellcasting
  1048 | D:2      | Reached XP level 3. HP: 17/25 MP: 3/9
  1294 | D:2      | Found Tuoqorejel's General Store.
  1388 | D:2      | Reached skill level 1 in Invocations
  1646 | D:3      | Reached skill level 1 in Fighting
  1646 | D:3      | Reached skill level 1 in Short Blades
  1646 | D:3      | Reached skill level 1 in Long Blades
  1646 | D:3      | Reached skill level 1 in Axes
  1646 | D:3      | Reached skill level 1 in Maces & Flails
  1646 | D:3      | Reached skill level 1 in Polearms
  1646 | D:3      | Reached skill level 1 in Staves
  1646 | D:3      | Reached skill level 1 in Ranged Weapons
  1646 | D:3      | Reached skill level 1 in Throwing
  1646 | D:3      | Reached skill level 1 in Armour
  1646 | D:3      | Reached skill level 1 in Shields
  1646 | D:3      | Reached skill level 1 in Unarmed Combat
  1646 | D:3      | Reached skill level 1 in Evocations
  1660 | D:3      | Reached skill level 1 in Hexes
  1660 | D:3      | Reached skill level 1 in Summonings
  1660 | D:3      | Reached skill level 1 in Necromancy
  1660 | D:3      | Reached skill level 1 in Translocations
  1660 | D:3      | Reached skill level 1 in Fire Magic
  1660 | D:3      | Reached skill level 1 in Ice Magic
  1660 | D:3      | Reached skill level 1 in Air Magic
  1660 | D:3      | Reached skill level 1 in Earth Magic
  1660 | D:3      | Reached skill level 1 in Alchemy
  1660 | D:3      | Reached skill level 1 in Shapeshifting
  1660 | D:3      | Reached XP level 4. HP: 17/32 MP: 4/11
  2167 | D:3      | Found a radiant altar of Vehumet.
  2641 | D:4      | Reached XP level 5. HP: 37/37 MP: 12/12
  2661 | D:4      | Noticed a sky beast
  2679 | D:4      | Killed a sky beast
  2680 | D:4      | Reached XP level 6. HP: 22/44 MP: 8/14
  2706 | D:4      | Found a stormy altar of Qazlal.
  2909 | D:4      | Noticed Grinder
  2939 | D:4      | Killed Grinder
  2940 | D:4      | Reached skill level 5 in Dodging
  3068 | D:4      | Reached XP level 7. HP: 51/51 MP: 10/15
  3312 | D:4      | Found a transporter.
  3312 | D:4      | Noticed Consumeair16's ghost (amateur GnFi)
  3315 | D:4      | Found a transporter.
  3538 | D:5      | Entered Level 5 of the Dungeon
  3761 | D:5      | Reached skill level 5 in Stealth
  4324 | D:5      | Reached XP level 8. HP: 14/58 MP: 3/16
  5157 | D:6      | Noticed Maggie
  5177 | D:6      | Killed from afar by Maggie

Illustrated notes

Levels and vault maps discovered:
D:1:      doesnt_arrival_eight_statues, layout_basic, serial_shops, shop
D:2:      layout_loops_ring, serial_shops, nicolae_shop_real_fake_doors,
          lexackson_kobold_supper
D:3:      layout_loops_corners, mainiacjoe_overflow_small_starburst
D:4:      layout_layer_cave, nicolae_qazlal_beasts_of_the_sky,
          gammafunk_ghost_smash, st_stairs_14, uniq_grinder
D:5:      layout_basic, kennysheep_cluttered_room
D:6:      layout_cave_pods, uniq_maggie, uniq_jeremiah, uniq_sigmund

Skill      XL: |  1  2  3  4  5  6  7  8 |
---------------+-------------------------+-----
Spellcasting   | 5 6 |  6.1
Invocations    | 1 2 3 |  3.7
Fighting       | 1 2 3 |  3.3
Short Blades   | 1 2 3 |  3.3
Long Blades    | 1 2 3 |  3.3
Axes           | 1 2 3 |  3.3
Maces & Flails | 1 2 3 |  3.3
Polearms       | 1 2 3 |  3.3
Staves         | 1 2 3 |  3.3
Ranged Weapons | 1 2 3 |  3.3
Throwing       | 1 2 3 |  3.3
Armour         | 1 2 3 |  3.3
Shields        | 1 2 3 |  3.3
Unarmed Combat | 1 2 3 |  3.3
Evocations     | 1 2 3 |  3.3
Hexes          | 1 2 |  2.7
Summonings     | 1 2 |  2.7
Necromancy     | 1 2 |  2.7
Translocations | 1 2 |  2.7
Fire Magic     | 1 2 |  2.7
Ice Magic      | 1 2 |  2.7
Air Magic      | 1 2 |  2.7
Earth Magic    | 1 2 |  2.7
Alchemy        | 1 2 |  2.7
Shapeshifting  | 1 2 3 |  3.0
Dodging        | 5 |  5.7
Stealth        | 5 |  5.4
Conjurations   | |  7.7

Action                     |  1- 3 |  4- 6 |  7- 9 || total
---------------------------+-------+-------+-------++-------
  Melee: Unarmed           |    13 |       |       ||    13
         Dagger            |    78 |   102 |   138 ||   318
         Bite              |     8 |    14 |    13 ||    35
         Punch             |     1 |     1 |     2 ||     4
   Cast: Magic Dart        |     9 |     2 |     2 ||    13
    Use: Potion            |     2 |     1 |     2 ||     5
   Stab: Sleeping          |     7 |     2 |     3 ||    12
 Armour: Robe              |    43 |    33 |     7 ||    83
         Skin              |       |     3 |     2 ||     5
         Ring mail         |       |       |   101 ||   101
  Dodge: Dodged            |    47 |    62 |    67 ||   176
